 Dungeon Crawl Stone Soup version 0.21.1-1-g345015f (webtiles) character file.

153 Monsterracer the Insei (level 5, -5/28 HPs)
             Began as a Vine Stalker Chaos Knight on June 17, 2018.
             Slain by Hebeh's ghost (8 damage)
             ... on level 3 of the Dungeon.
             The game lasted 00:04:01 (2227 turns).

Monsterracer the Insei (Vine Stalker Chaos Knight)  Turns: 2227, Time: 00:04:02

Health: -5/28      AC:  6    Str: 14    XL:     5   Next: 35%
Magic:  0/6        EV: 11    Int: 13    God:    Xom [....*.]
Gold:   164        SH:  0    Dex: 14    Spells: 2/4 levels left

rFire    . . .     SeeInvis .     - Unarmed
rCold    . . .     Gourm    .   (no shield)
rNeg     . . .     Faith    .   a - +2 leather armour
rPois    .         Spirit   +   m - +0 helmet
rElec    .         Reflect  .   (no cloak)
rCorr    .         Harm     .   (no gloves)
MR       .....                  (no boots)
Stlth    +.........             (no amulet)
HPRegen  0.49/turn              (no ring)
MPRegen  0.10/turn              (no ring)

@: no status effects
A: fangs 2, regeneration 1, magic shield, antimagic bite, no potion heal 3, rot
immunity
a: Renounce Religion


You were on level 3 of the Dungeon.
You worshipped Xom.
You were a beloved toy of Xom.
You were not hungry.

You visited 1 branch of the dungeon, and saw 3 of its levels.

You collected 164 gold pieces.

Inventory:

Armour
 a - a +2 leather armour (worn)
 i - a +0 shield
 m - a +0 helmet (worn)
Scrolls
 d - 3 scrolls of teleportation
 g - 2 scrolls of remove curse
Potions
 e - 3 potions of curing
 h - 2 potions of heal wounds
 j - a potion of cancellation
 k - 2 potions of might
 l - a potion of resistance {unknown}
Books
 b - a book of Cantrips

   Spells                             Type                      Level
   a - Confusing Touch                Hexes                        1
   b - Animate Skeleton               Necromancy                   1
   c - Summon Small Mammal            Summoning                    1
   d - Apportation                    Translocation                1
Comestibles
 c - 8 rations
 f - a chunk of flesh


   Skills:
 + Level 2.9 Fighting
 - Level 1.5 Armour
 - Level 0.7 Dodging
 + Level 0.9 Shields
 * Level 5.5 Unarmed Combat


You had 2 spell levels left.
You knew the following spells:

 Your Spells              Type           Power        Failure   Level  Hunger
v - Summon Butterflies    Summ           #.......     36%         1    ##.....
z - Apportation           Tloc           #.....       36%         1    ##.....


Dungeon Overview and Level Annotations

Branches:
Dungeon (3/15)

Altars:
Gozag
Kikubaaqudgha
Nemelex Xobeh
Ru
Xom

Annotations:
D:3 Hebeh's ghost, amateur DDFi


Innate Abilities, Weirdness & Mutations

You have extremely sharp teeth.
Your natural rate of healing is unusually fast.
When hurt, damage is shared between your health and your magic reserves.
Your bite disrupts and absorbs the magic of your enemies.
Potions cannot restore your health.
You are immune to rotting.


Message History

Hebeh's ghost hits your quasit.
Your quasit bites Hebeh's ghost.
Your quasit claws Hebeh's ghost but does no damage.
Your quasit misses Hebeh's ghost.
Your quasit bites Hebeh's ghost.
Your quasit claws Hebeh's ghost.
Your quasit claws Hebeh's ghost but does no damage.
Your quasit bites Hebeh's ghost but does no damage.
Your quasit claws Hebeh's ghost but does no damage.
Your quasit claws Hebeh's ghost.
Hebeh's ghost barely misses your quasit.
Your quasit bites Hebeh's ghost but does no damage.
Your quasit claws Hebeh's ghost but does no damage. x2
Your quasit completely misses Hebeh's ghost.
Your quasit claws Hebeh's ghost but does no damage. x2
Your quasit bites Hebeh's ghost.
Your quasit claws Hebeh's ghost but does no damage. x2
Hebeh's ghost closely misses your quasit.
Your quasit bites Hebeh's ghost.
Your quasit barely misses Hebeh's ghost.
Your quasit claws Hebeh's ghost but does no damage.
Your quasit bites Hebeh's ghost but does no damage.
Your quasit claws Hebeh's ghost but does no damage.
Your quasit closely misses Hebeh's ghost.
Hebeh's ghost misses your quasit.
Your quasit bites Hebeh's ghost.
Your quasit claws Hebeh's ghost but does no damage. x2
Your quasit bites Hebeh's ghost but does no damage.
Your quasit claws Hebeh's ghost but does no damage. x2
MP restored: 6 Your quasit bites Hebeh's ghost.
Your quasit closely misses Hebeh's ghost.
Your quasit claws Hebeh's ghost but does no damage.
Hebeh's ghost hits your quasit but does no damage.
Your quasit bites Hebeh's ghost but does no damage.
Your quasit barely misses Hebeh's ghost. x2
Your quasit bites Hebeh's ghost but does no damage.
Your quasit claws Hebeh's ghost but does no damage. x2
Your quasit bites Hebeh's ghost.
Your quasit claws Hebeh's ghost but does no damage.
Your quasit barely misses Hebeh's ghost.
Hebeh's ghost barely misses your quasit.
Your quasit bites Hebeh's ghost but does no damage.
Your quasit claws Hebeh's ghost.
Your quasit claws Hebeh's ghost but does no damage.
Your quasit bites Hebeh's ghost but does no damage.
Your quasit barely misses Hebeh's ghost. x2
Your white imp disappears in a puff of smoke!
Hebeh's ghost hits your quasit!
Your quasit dies!
Your quasit barely misses Hebeh's ghost.
Your quasit claws Hebeh's ghost but does no damage.
Your quasit barely misses Hebeh's ghost.
Hebeh's ghost hits your quasit!
Your quasit dies!
Hebeh's ghost hits you but does no damage.
Health restored: 28 You swap places.
Your iron imp barely misses Hebeh's ghost.
Hebeh's ghost hits your iron imp!
Your iron imp dies!
You hit Hebeh's ghost but do no damage.
Hebeh's ghost is heavily damaged.
Hebeh's ghost closely misses you.
You punch Hebeh's ghost! You bite Hebeh's ghost. You drain its power.
Hebeh's ghost is severely damaged.
Hebeh's ghost hits you.
You take 2 damage, and have 26/28 hp.
You closely miss Hebeh's ghost.
You bite Hebeh's ghost, but do no damage.
Hebeh's ghost is severely damaged.
You punch Hebeh's ghost!
Hebeh's ghost is severely damaged. "Just a minor improvement..."
Hebeh's ghost hits you!
Ouch! That really hurt!
* * * LOW HITPOINT WARNING * * *
You take 13 damage, and have 13/28 hp.
MASSIVE DAMAGE!!
You now have 3/6 mp.
You hit Hebeh's ghost. Your punch misses Hebeh's ghost.
You bite Hebeh's ghost, but do no damage.
Hebeh's ghost is almost destroyed.
Hebeh's ghost screams, "I'll kill anyone who wants the ORB!"
Hebeh's ghost barely misses you.
You hit Hebeh's ghost. Your bite misses Hebeh's ghost.
Hebeh's ghost is almost destroyed.
Hebeh's ghost hits you!
* * * LOW HITPOINT WARNING * * *
You take 10 damage, and have 3/28 hp.
MASSIVE DAMAGE!!
You now have 1/6 mp.
You aren't carrying any items that you can evoke.
Hebeh's ghost shrieks, "Do you think the gods will protect you?"
There is a shimmering altar of Xom here.
You hit Hebeh's ghost.
You bite Hebeh's ghost, but do no damage.
Hebeh's ghost is almost destroyed.
Hebeh's ghost hits you.
* * * LOW HITPOINT WARNING * * *
You take 4 damage, and have 1/28 hp.
You aren't carrying any items that you can evoke.
Unknown command.
You barely miss Hebeh's ghost. Your bite misses Hebeh's ghost.
Hebeh's ghost is almost destroyed.
Hebeh's ghost hits you!
You die...

#.# #..#.# #.# #..#.# #.# #÷.#.#
#.# #..#.# #.# #.# #..#.# ...
###+####..#.# #.# ####
#..(....÷.(.# ## #..
..########...........# . ..#b#
#.#..W@...........[..# .##.#.#
#.#_######.........).#
..#_#.#####.._## #...........#
....._._.......# #...........#
#.#_#.########_#####...........#
....#.# #........############.#
#..##.# #........# #.......#.#
...b..# #........# #.#####.#.#
##.##.## #..5.....# #.# #.#.#


You could see Hebeh's ghost.

Vanquished Creatures
  Natasha (thrice) (D:2)
  2 adders
  An ooze (D:1)
  A worm (D:2)
  3 dart slugs
  3 giant cockroaches (D:1)
  6 hobgoblins
  4 jackals (D:2)
  3 kobolds
  A quokka (D:2)
  8 bats
  2 frilled lizards
  8 goblins
  5 rats
50 creatures vanquished.

Notes
Turn   | Place    | Note
-------+----------+-------------------------------------------
     0 | D:1      | Monsterracer the Vine Stalker Chaos Knight began the quest for the Orb.
     0 | D:1      | Reached XP level 1. HP: 11/11 MP: 2/2
    19 | D:1      | XOM: butterfly on damage
   210 | D:1      | Reached XP level 2. HP: 14/16 MP: 3/3
   296 | D:1      | XOM: potion effect (invisibility)
   440 | D:1      | Reached skill level 4 in Unarmed Combat
   442 | D:1      | XOM: potion effect (haste)
   451 | D:1      | Reached XP level 3. HP: 19/19 MP: 4/4
   779 | D:2      | Found a faded altar of an unknown god.
  1061 | D:2      | XOM: harmless Ice miscast
  1076 | D:2      | Found an ancient bone altar of Kikubaaqudgha.
  1240 | D:2      | Gained mutation: Your natural rate of healing is unusually fast. [Vine Stalker growth]
  1240 | D:2      | Reached XP level 4. HP: 23/23 MP: 5/5
  1288 | D:2      | XOM: god gift: book of Party Tricks
  1292 | D:2      | Learned a level 1 spell: Apportation
  1294 | D:2      | Learned a level 1 spell: Summon Butterflies
  1302 | D:2      | Found a sacrificial altar of Ru.
  1477 | D:2      | Found an opulent altar of Gozag.
  1478 | D:2      | Found a sparkling altar of Nemelex Xobeh.
  1588 | D:2      | Noticed Natasha
  1597 | D:2      | Killed Natasha
  1597 | D:2      | Reached skill level 5 in Unarmed Combat
  1631 | D:2      | Noticed Natasha
  1637 | D:2      | Killed Natasha
  1654 | D:2      | Found a faded altar of an unknown god.
  1668 | D:2      | Noticed Natasha
  1673 | D:2      | HP: 11/23 [Natasha (3)]
  1679 | D:2      | Killed Natasha
  1679 | D:2      | Reached XP level 5. HP: 16/28 MP: 6/6
  1844 | D:3      | Noticed Hebeh's ghost (amateur DDFi)
  1858 | D:3      | XOM: summons 5 friendly demons
  2179 | D:3      | XOM: butterfly on damage
  2182 | D:3      | XOM: summons 5 friendly demons
  2216 | D:3      | XOM: scenery: create altars
  2216 | D:3      | HP: 13/28 [Hebeh's ghost (14)]
  2218 | D:3      | HP: 3/28 [Hebeh's ghost (11)]
  2223 | D:3      | HP: 1/28 [Hebeh's ghost (4)]
  2227 | D:3      | Slain by Hebeh's ghost

Skill      XL: |  1  2  3  4 |
---------------+-------------+-----
Unarmed Combat | 4 5 |  5.5
Fighting       | |  2.9
Armour         | |  1.5
Dodging        | |  0.7
Shields        | |  0.9

Action                   |  1- 3 |  4- 6 || total
-------------------------+-------+-------++-------
Melee: Unarmed           |   114 |    53 ||   167
       Bite              |    31 |     9 ||    40
       Punch             |     1 |     2 ||     3
  Use: Scroll            |       |     7 ||     7
 Stab: Sleeping          |     1 |       ||     1
  Eat: Chunk             |     1 |     3 ||     4
Armor: Leather armour    |    45 |    12 ||    57
Dodge: Dodged            |    62 |    22 ||    84

Vault maps used:
D:1:      onia_arrival_mini_spirals, minmay_crystal_water
D:2:      grunt_temple_overflow_opulence, old_standard_altar,
          nicolae_ru_path_of_blood, chequers_ecumenical_altar_island,
          uniq_natasha
D:3:      first_ration
